SL
TOLEDO TITANS @ ROCKY MOUNTAIN NUGGETS
08/05/2018
 
TOP OF THE 1ST
Toledo Titans batting - Pitching for Rocky Mountain Nuggets : RHP John Braun
Pitching: RHP John Braun
Batting: RHB Brad Brown 0-0: Called Strike
0-1: SINGLE (Groundball, 56D)
Batting: RHB Miguel García 0-0: Ball
1-0: Fielders Choice at 2nd, 1-4 (Groundball, 23)
Batting: LHB Michael Neely 0-0: Ball
1-0: Ball
Miguel García steals 2nd base
2-0: SINGLE (Line Drive, 8RS)
Miguel García to third
Runner from 3rd tries for Home, throw and OUT!
Michael Neely to second
Batting: RHB Enrique Pérez 0-0: SINGLE (Line Drive, 6MD)
Michael Neely to third
Batting: LHB David Martínez 0-0: Called Strike
0-1: Foul Ball, location: 2F
0-2: Ball
1-2: Hit by Pitch
Enrique Pérez to second
Batting: LHB Nathan Santos 0-0: Swinging Strike
0-1: Ball
1-1: Ground out 1-3 (Groundball, 13)
Top of the 1st over - 0 run(s), 3 hit(s), 0 error(s), 3 left on base; Toledo 0 - Rocky Mountain 0
BOTTOM OF THE 1ST
Rocky Mountain Nuggets batting - Pitching for Toledo Titans : RHP Wayne Hurst
Pitching: RHP Wayne Hurst
Batting: RHB Mike Green 0-0: Ball
1-0: Swinging Strike
1-1: Called Strike
1-2: Ball
2-2: Ball
3-2: Strikes out swinging
Batting: LHB Keith McKnight 0-0: Ball
1-0: Called Strike
1-1: Fly out, F8 (Flyball, 78M)
Batting: RHB David Verhoeve 0-0: SOLO HOME RUN (Flyball, 78XD), Distance : 411 ft
Batting: SHB Charles Waller 0-0: Ball
1-0: Ground out 2-3 (Groundball, 2R)
Bottom of the 1st over - 1 run(s), 1 hit(s), 0 error(s), 0 left on base; Toledo 0 - Rocky Mountain 1
TOP OF THE 2ND
Toledo Titans batting - Pitching for Rocky Mountain Nuggets : RHP John Braun
Batting: LHB Salvador Vidal 0-0: Swinging Strike
0-1: Ground out 6-3 (Groundball, 6)
Batting: SHB Curt Bryant 0-0: Called Strike
0-1: Foul Ball, location: 2F
0-2: DOUBLE (Line Drive, 9M)
Batting: RHB Wayne Hurst 0-0: Called Strike
0-1: Foul Ball, location: 2F
0-2: Foul Ball, location: 2F
0-2: Ball
1-2: Foul Ball, location: 2F
1-2: Ball
2-2: Ball
3-2: Foul Ball, location: 2F
3-2: Foul Ball, location: 2F
3-2: Foul Ball, location: 2F
3-2: Strikes out swinging
Batting: RHB Brad Brown 0-0: Ground out 6-3 (Groundball, 4MS)
Top of the 2nd over - 0 run(s), 1 hit(s), 0 error(s), 1 left on base; Toledo 0 - Rocky Mountain 1
BOTTOM OF THE 2ND
Rocky Mountain Nuggets batting - Pitching for Toledo Titans : RHP Wayne Hurst
Batting: RHB Juan Ávila 0-0: Called Strike
0-1: Ball
1-1: Foul Ball, location: 2F
1-2: Ball
2-2: Ground out 5-3 (Groundball, 56)
Batting: SHB Jim Morris 0-0: Ball
1-0: Called Strike
1-1: Ball
2-1: Foul Ball, location: 2F
2-2: Ground out U3 (Groundball, 3)
Batting: RHB Mark Melton 0-0: Called Strike
0-1: Ball
1-1: Bunt for hit - play at first, batter OUT! 5-3
Bottom of the 2nd over - 0 run(s), 0 hit(s), 0 error(s), 0 left on base; Toledo 0 - Rocky Mountain 1
TOP OF THE 3RD
Toledo Titans batting - Pitching for Rocky Mountain Nuggets : RHP John Braun
Batting: RHB Miguel García 0-0: Ball
1-0: Ball
2-0: Ball
3-0: Called Strike
3-1: Swinging Strike
3-2: Foul Ball, location: 2F
3-2: Base on Balls
Batting: LHB Michael Neely 0-0: Foul Ball, location: 2F
0-1: Ball
1-1: Called Strike
1-2: Ball
2-2: Ground out 3-1 (Groundball, 34)
Miguel García to second
Batting: RHB Enrique Pérez 0-0: Ball
1-0: Called Strike
1-1: Ball
2-1: Ground out 6-3 (Groundball, 56)
Batting: LHB David Martínez 0-0: Called Strike
0-1: Swinging Strike
0-2: Ground out 4-3 (Groundball, 4)
Top of the 3rd over - 0 run(s), 0 hit(s), 0 error(s), 1 left on base; Toledo 0 - Rocky Mountain 1
BOTTOM OF THE 3RD
Rocky Mountain Nuggets batting - Pitching for Toledo Titans : RHP Wayne Hurst
Batting: SHB Quan Ge 0-0: Foul Ball, location: 2F
0-1: Ball
1-1: Ball
2-1: Foul Ball, location: 2F
2-2: Foul Ball, location: 2F
2-2: Ball
3-2: Base on Balls
Batting: LHB John Braun 0-0: Ball
1-0: Called Strike
1-1: Grounds into double play, 4-6-3 (Groundball, 34)
Batting: RHB Mike Green 0-0: Ball
1-0: Ground out 4-3 (Groundball, 4)
Bottom of the 3rd over - 0 run(s), 0 hit(s), 0 error(s), 0 left on base; Toledo 0 - Rocky Mountain 1
TOP OF THE 4TH
Toledo Titans batting - Pitching for Rocky Mountain Nuggets : RHP John Braun
Batting: LHB Nathan Santos 0-0: Called Strike
0-1: Foul Ball, location: 2F
0-2: Strikes out swinging
Batting: LHB Salvador Vidal 0-0: Ball
1-0: Called Strike
1-1: Ball
2-1: Foul Ball, location: 2F
2-2: Strikes out swinging
Batting: SHB Curt Bryant 0-0: Foul Ball, location: 2F
0-1: Ball
1-1: Ball
2-1: SINGLE (Line Drive, 7S)
Batting: RHB Wayne Hurst 0-0: Called Strike
0-1: Called Strike
0-2: Ball
1-2: Ball
2-2: Foul Ball, location: 2F
2-2: Strikes out looking
Top of the 4th over - 0 run(s), 1 hit(s), 0 error(s), 1 left on base; Toledo 0 - Rocky Mountain 1
BOTTOM OF THE 4TH
Rocky Mountain Nuggets batting - Pitching for Toledo Titans : RHP Wayne Hurst
Batting: LHB Keith McKnight 0-0: Ball
1-0: Swinging Strike
1-1: Foul Ball, location: 2F
1-2: Ball
2-2: Strikes out swinging
Batting: RHB David Verhoeve 0-0: Ball
1-0: Foul Ball, location: 2F
1-1: Ball
2-1: SINGLE (Line Drive, 7S)
Batting: SHB Charles Waller 0-0: Ball
1-0: Called Strike
1-1: Ground out 1-3 (Groundball, 34S)
David Verhoeve to second
Batting: RHB Juan Ávila 0-0: Ball
1-0: Ball
2-0: Ground out 1-3 (Groundball, 3S)
Bottom of the 4th over - 0 run(s), 1 hit(s), 0 error(s), 1 left on base; Toledo 0 - Rocky Mountain 1
TOP OF THE 5TH
Toledo Titans batting - Pitching for Rocky Mountain Nuggets : RHP John Braun
Batting: RHB Brad Brown 0-0: Ground out 5-3 (Groundball, 56S)
Batting: RHB Miguel García 0-0: Foul Ball, location: 2F
0-1: Foul Ball, location: 2F
0-2: Foul Ball, location: 2F
0-2: Ball
1-2: Foul Ball, location: 2F
1-2: Fly out, F4 (Popup, 8RS)
Batting: LHB Michael Neely 0-0: Ball
1-0: Ball
2-0: Foul Ball, location: 2F
2-1: Foul Ball, location: 2F
2-2: Ground out 4-3 (Groundball, 4)
Top of the 5th over - 0 run(s), 0 hit(s), 0 error(s), 0 left on base; Toledo 0 - Rocky Mountain 1
BOTTOM OF THE 5TH
Rocky Mountain Nuggets batting - Pitching for Toledo Titans : RHP Wayne Hurst
Batting: SHB Jim Morris 0-0: Ball
1-0: Ground out 4-3 (Groundball, 4)
Batting: RHB Mark Melton 0-0: Ball
1-0: Ground out 5-3 (Groundball, 56)
Batting: SHB Quan Ge 0-0: Ball
1-0: Ball
2-0: Foul Ball, location: 2F
2-1: Foul Ball, location: 2F
2-2: Ball
3-2: Foul Ball, location: 2F
3-2: Base on Balls
Batting: LHB John Braun 0-0: Ball
1-0: Foul Ball, location: 2F
1-1: Ball
2-1: Ball
3-1: Ground out 4-3 (Groundball, 4)
Bottom of the 5th over - 0 run(s), 0 hit(s), 0 error(s), 1 left on base; Toledo 0 - Rocky Mountain 1
TOP OF THE 6TH
Toledo Titans batting - Pitching for Rocky Mountain Nuggets : RHP John Braun
Batting: RHB Enrique Pérez 0-0: Swinging Strike
0-1: Called Strike
0-2: Ball
1-2: Ball
2-2: Foul Ball, location: 2F
2-2: SOLO HOME RUN (Flyball, 7D), Distance : 393 ft
Batting: LHB David Martínez 0-0: Ball
1-0: DOUBLE (Line Drive, 7M)
Batting: LHB Nathan Santos 0-0: Called Strike
0-1: Ball
1-1: Foul Ball, location: 2F
1-2: Foul Ball, location: 2F
1-2: Strikes out swinging
Batting: LHB Salvador Vidal 0-0: Ball
1-0: Ball
2-0: Ball
Wild Pitch!
David Martínez to third
3-0: Base on Balls
Batting: SHB Curt Bryant 0-0: Called Strike
Salvador Vidal steals 2nd base
0-1: Ball
1-1: Intentional Walk
Batting: RHB Wayne Hurst 0-0: Swinging Strike
0-1: Foul Ball, location: 2F
0-2: Ball
1-2: Ball
2-2: Ball
3-2: Ground out 5-3 (Groundball, 5S)
David Martínez scores
Salvador Vidal to third
Curt Bryant to second
Pitching: RHP Richard Davis
Batting: RHB Brad Brown 0-0: SINGLE (Line Drive, 4MD)
Salvador Vidal scores
Curt Bryant to third
Runner from 3rd tries for Home, SAFE, no throw or cutoff
Batting: RHB Miguel García 0-0: Ball
1-0: SINGLE (Line Drive, 8RS)
Brad Brown to second
Batting: LHB Michael Neely 0-0: Called Strike
0-1: Ball
1-1: Fly out, F8 (Flyball, 8LD)
Top of the 6th over - 4 run(s), 4 hit(s), 0 error(s), 2 left on base; Toledo 4 - Rocky Mountain 1
BOTTOM OF THE 6TH
Rocky Mountain Nuggets batting - Pitching for Toledo Titans : RHP Wayne Hurst
Batting: RHB Mike Green 0-0: Called Strike
0-1: Ground out 5-3 (Groundball, 5L)
Batting: LHB Keith McKnight 0-0: Ground out 4-3 (Groundball, 4)
Batting: RHB David Verhoeve 0-0: Ball
1-0: Foul Ball, location: 2F
1-1: SINGLE (Groundball, 56)
Batting: SHB Charles Waller 0-0: Ball
1-0: Foul Ball, location: 2F
1-1: Called Strike
1-2: Strikes out looking
Bottom of the 6th over - 0 run(s), 1 hit(s), 0 error(s), 1 left on base; Toledo 4 - Rocky Mountain 1
TOP OF THE 7TH
Toledo Titans batting - Pitching for Rocky Mountain Nuggets : RHP Richard Davis
Batting: RHB Enrique Pérez 0-0: Ball
1-0: SINGLE (Line Drive, 6MD)
Batting: LHB David Martínez 0-0: Foul Ball, location: 2F
0-1: Ball
1-1: Fielders Choice at 2nd, 1-6 (Groundball, 13)
Batting: LHB Nathan Santos 0-0: DOUBLE (Line Drive, 8RM)
David Martínez to third
Batting: LHB Salvador Vidal 0-0: Intentional Walk
Pinch Hitting: RHB Harris Harden 0-0: Ball
1-0: SINGLE (Groundball, 6MD)
David Martínez scores
Nathan Santos to third
Salvador Vidal to second
Pinch Hitting: RHB Steve Ferguson 0-0: Ball
1-0: Ball
2-0: Ball
3-0: Called Strike
3-1: Foul Ball, location: 2F
3-2: SINGLE (Line Drive, 9M)
Nathan Santos scores
Salvador Vidal to third
Harris Harden to second
Runner from 3rd tries for Home, SAFE, throw made home
Harris Harden to third
Steve Ferguson to second
Pitching: RHP Carl Snyder
Batting: RHB Brad Brown 0-0: Fly out, F7 (Flyball, 7M)
Runner from 3rd tags up, OUT at HOME
Top of the 7th over - 3 run(s), 4 hit(s), 0 error(s), 1 left on base; Toledo 7 - Rocky Mountain 1
BOTTOM OF THE 7TH
Rocky Mountain Nuggets batting - Pitching for Toledo Titans : RHP Wayne Hurst
Pitching: RHP Luys Povoena
Now at 3B: Harris Harden
Batting: RHB Juan Ávila 0-0: Ball
1-0: Called Strike
1-1: Ball
2-1: Ground out U3 (Groundball, 3)
Batting: SHB Jim Morris 0-0: Ball
1-0: Ball
2-0: Ground out U3 (Groundball, 3L)
Batting: RHB Mark Melton 0-0: Fly out, F4 (Popup, 8RS)
Bottom of the 7th over - 0 run(s), 0 hit(s), 0 error(s), 0 left on base; Toledo 7 - Rocky Mountain 1
TOP OF THE 8TH
Toledo Titans batting - Pitching for Rocky Mountain Nuggets : RHP Carl Snyder
Batting: RHB Miguel García 0-0: Foul Ball, location: 2F
0-1: Swinging Strike
0-2: Ball
1-2: Ball
2-2: Ball
3-2: Foul Ball, location: 2F
3-2: Ground out 6-3 (Groundball, 6)
Batting: LHB Michael Neely 0-0: Called Strike
0-1: Swinging Strike
0-2: Ball
1-2: Strikes out swinging
Batting: RHB Enrique Pérez 0-0: Ball
1-0: Called Strike
1-1: Ball
2-1: Swinging Strike
2-2: Ball
3-2: Foul Ball, location: 2F
3-2: Base on Balls
Batting: LHB David Martínez 0-0: SINGLE (Groundball, 34)
Enrique Pérez to second
Runner from 2nd tries for 3rd, OUT!
Top of the 8th over - 0 run(s), 1 hit(s), 0 error(s), 1 left on base; Toledo 7 - Rocky Mountain 1
BOTTOM OF THE 8TH
Rocky Mountain Nuggets batting - Pitching for Toledo Titans : RHP Luys Povoena
Batting: SHB Quan Ge 0-0: Ball
1-0: Swinging Strike
1-1: Ground out 6-3 (Groundball, 6)
Pinch Hitting: RHB Clement Fields 0-0: SOLO HOME RUN (Flyball, 78XD), Distance : 431 ft
Batting: RHB Mike Green 0-0: Ball
1-0: Ball
2-0: SOLO HOME RUN (Flyball, 7D), Distance : 370 ft
Batting: LHB Keith McKnight 0-0: Ball
1-0: Foul Ball, location: 2F
1-1: Called Strike
1-2: Strikes out swinging
Batting: RHB David Verhoeve 0-0: Called Strike
0-1: Ball
1-1: Ball
2-1: Ball
3-1: Ground out 4-3 (Groundball, 4M)
Bottom of the 8th over - 2 run(s), 2 hit(s), 0 error(s), 0 left on base; Toledo 7 - Rocky Mountain 3
TOP OF THE 9TH
Toledo Titans batting - Pitching for Rocky Mountain Nuggets : RHP Carl Snyder
Pitching: LHP Ryan Miller
Batting: LHB Nathan Santos 0-0: Foul Ball, location: 2F
0-1: Foul Ball, location: 2F
0-2: Ball
1-2: Strikes out looking
Batting: LHB Salvador Vidal 0-0: Swinging Strike
0-1: Ball
1-1: Ball
2-1: Foul Ball, location: 2F
2-2: Foul Ball, location: 2F
2-2: Ball
3-2: Strikes out swinging
Batting: RHB Harris Harden 0-0: Ball
1-0: Ground out 4-3 (Groundball, 4)
Top of the 9th over - 0 run(s), 0 hit(s), 0 error(s), 0 left on base; Toledo 7 - Rocky Mountain 3
BOTTOM OF THE 9TH
Rocky Mountain Nuggets batting - Pitching for Toledo Titans : RHP Luys Povoena
Batting: SHB Charles Waller 0-0: Ball
1-0: Ground out 4-3 (Groundball, 34)
Batting: RHB Juan Ávila 0-0: Ball
1-0: Ball
2-0: Called Strike
2-1: Foul Ball, location: 2F
2-2: Strikes out looking
Batting: SHB Jim Morris 0-0: SINGLE (Groundball, 34D)
Batting: RHB Mark Melton 0-0: Called Strike
0-1: Foul Ball, location: 2F
0-2: Ball
1-2: Ball
2-2: Foul Ball, location: 2F
2-2: SINGLE (Line Drive, 8RS)
Jim Morris to second
Pitching: RHP Rusty King
Batting: SHB Quan Ge 0-0: Ball
1-0: Foul Ball, location: 2F
1-1: SINGLE (Groundball, 4M)
Jim Morris to third
Mark Melton to second
Runner from 3rd tries for Home, SAFE, no throw or cutoff
Pinch Hitting: RHB Harold Coffman 0-0: Ball
1-0: Ball
2-0: Called Strike
2-1: Called Strike
2-2: Strikes out swinging
Bottom of the 9th over - 1 run(s), 3 hit(s), 0 error(s), 2 left on base; Toledo 7 - Rocky Mountain 4
This league is powered by Out of the Park Baseball, the baseball management simulation game for PC, Mac and Linux
Monday, May 4th, 2015 - OOTP Baseball 15.6 Build 34